 Dungeon Crawl Stone Soup version 0.27-a0-1312-g5cdb2b3542 (webtiles) character file.

Game seed: 9380813592013501123

46 freelancePsychic the Magician (level 3, 0/27 HPs)
             Began as a Djinni Enchanter on June 19, 2021.
             Slain by an adder (3 damage)
             ... on level 2 of the Dungeon.
             The game lasted 00:03:25 (2708 turns).

freelancePsychic the Magician (Djinni Enchanter)    Turns: 2708, Time: 00:03:26

Health: 0/27       AC:  2    Str:  7    XL:     3   Next: 95%
Gold:   52         EV: 12    Int: 17    God:
                   SH:  0    Dex: 13

rFire    + + .     SeeInvis .   a - +1 dagger (spect)
rCold    x . .     Faith    .   (no shield)
rNeg     . . .     Spirit   .   b - +0 robe
rPois    ∞         Reflect  .   (no helmet)
rElec    .         Harm     .   (no cloak)
rCorr    .         Rampage  .   (no gloves)
Will     .....                  (boots unavailable)
Stlth    ++........             (no amulet)
HPRegen  0.09/turn              (no ring)
MPRegen  0.00/turn              (no ring)

@: flying
A: sickness immunity, fire resistance 2, cold vulnerability 1, float, innate
caster, hp casting, extra vitality 1
a: no special abilities


You were on level 2 of the Dungeon.
You visited 1 branch of the dungeon, and saw 2 of its levels.

You collected 52 gold pieces.

Inventory:

Hand Weapons
 a - a +1 spectral dagger (weapon)
Armour
 b - a +0 robe (worn)
Scrolls
 g - a scroll of teleportation {unknown}


   Skills:
 + Level 1.3 Fighting
 + Level 1.6 Short Blades
 - Level 2.1 Dodging
 - Level 2.4 Stealth
 * Level 3.0 Spellcasting


You couldn't memorise any spells.
You knew the following spells:

 Your Spells              Type           Power      Damage    Failure   Level
a - Corona                Hex            14%        N/A       4%          1
b - Ensorcelled Hibernat  Hex/Ice        26%        N/A       8%          2
c - Confusing Touch       Hex            13%        N/A       14%         3
d - Tukima's Dance        Hex            13%        N/A       14%         3
e - Dazzling Flash        Conj/Hex       26%        N/A       14%         3
f - Pain                  Necr           52%        1d6       4%          1
Your spell library was empty.

Dungeon Overview and Level Annotations

Branches:
Dungeon (2/15)

Altars:

Shops:
D:1 *   D:2 ?*


Innate Abilities, Weirdness & Mutations

You are immune to sickness and miasma.
You are immune to poison.
Your flesh is very heat resistant. (rF++)
You are vulnerable to cold. (rC-)
You float through the air rather than walking.
You learn spells naturally, not from books.
Your magical power is your life essence.
You have superior vitality. (+4 HP)


Message History

Your body is wracked with pain!
* * * LOW HITPOINT WARNING * * *
The adder convulses! x2; The endoplasm convulses!
The quokka convulses!
It was a scroll of torment.
The adder bites you.
* * * LOW HITPOINT WARNING * * *
It was a potion of ambrosia.
You are confused.
You feel invigorated. The adder closely misses you.
It was a potion of curing.
You feel better.
You feel less invigorated. The adder bites you. x2
Casting: Ensorcelled Hibernation (safe; 8% risk of failure)
Confirm with . or Enter, or press ? or * to list all spells.
Aiming: Ensorcelled Hibernation (safe; 8% risk of failure)
Press: ? - help, Shift-Dir - straight line, f/p - adder
Aim: an adder (moderately wounded, chance to affect: 52%)
The adder resists with significant effort.
The adder bites you but does no damage.
Casting: Ensorcelled Hibernation (safe; 8% risk of failure)
Confirm with . or Enter, or press ? or * to list all spells.
Aiming: Ensorcelled Hibernation (safe; 8% risk of failure)
Press: ? - help, Shift-Dir - straight line, f/p - adder
Aim: an adder (moderately wounded, chance to affect: 52%)
The adder resists with significant effort.
* * * LOW HITPOINT WARNING * * *
The adder closely misses you.
You hit the adder but do no damage.
The adder is moderately wounded.
The adder bites you.
* * * LOW HITPOINT WARNING * * *
As you read the scroll labelled WOKAXO OSHAJ, it crumbles to dust.
It is a scroll of brand weapon.
Your +1 dagger acquires a faint afterimage.
a - a +1 spectral dagger (weapon)
The adder bites you.
* * * LOW HITPOINT WARNING * * *
The adder closely misses you.
You miss the adder.
The adder is moderately wounded.
The adder bites you.
You die...

#.#####.# #.# #.#
#.# #.# #)# #.######
#.#####.#$....
#.##..........
#.##.........8
#.#####J##........8.
#....@SS...†.....8..
##..$##r#####.##..8.
#... #.# ... 8 #...
#.# ...# #... #.#
...# #... #.# ...#
#... #.# ...# #...
#.. ...#


You could see 2 adders, an endoplasm and a quokka.

Vanquished Creatures
  An adder (D:2)
  5 ball pythons
  3 endoplasms
  A giant cockroach (D:2)
  3 goblins (D:2)
  6 jackals (D:1)
  4 kobolds
  2 quokkas
  2 frilled lizards
  5 rats
32 creatures vanquished.

Notes
Turn   | Place    | Note
-------+----------+-------------------------------------------
     0 | D:1      | freelancePsychic the Djinni Enchanter began the quest for
                  | the Orb.
     0 | D:1      | Reached XP level 1. HP: 15/15 MP: 0/0
    38 | D:1      | Found Bolu's Assorted Antiques.
   284 | D:1      | Reached skill level 1 in Short Blades
   689 | D:1      | Reached XP level 2. HP: 4/22 MP: 0/0
  1603 | D:1      | Reached XP level 3. HP: 19/26 MP: 0/0
  1603 | D:1      | Learned a level 1 spell: Pain
  1606 | D:1      | Reached skill level 1 in Fighting
  2045 | D:2      | Found Cunulaci's Magic Scroll Shoppe.
  2069 | D:2      | Found Itsesk's General Store.
  2085 | D:2      | Reached skill level 3 in Spellcasting
  2708 | D:2      | Slain by an adder

Illustrated notes

Levels and vault maps discovered:
D:1:      onia_arrival_handbag, layout_loops_ring, serial_shops,
          nicolae_shop_overgrown_old_shop
D:2:      minmay_chambers_of_ones, layout_basic, serial_shops,
          nicolae_shop_crystal, shop, nicolae_shop_statue_plus,
          nicolae_diamond_shop, nicolae_square_shop

Skill      XL: |  1  2  3 |
---------------+----------+-----
Short Blades   | 1 |  1.6
Fighting       | 1 |  1.3
Spellcasting   | 3 |  3.0
Dodging        | |  2.1
Stealth        | |  2.4

Action                   || total
-------------------------++-------
Melee: Dagger            ||    81
 Cast: Corona            ||    11
       Ensorcelled Hiber ||    31
       Pain              ||     2
  Use: Scroll            ||     3
       Potion            ||     2
 Stab: Sleeping          ||    19
Armor: Robe              ||    11
Dodge: Dodged            ||    56

Table legend: (Time is in decaauts)
 A = Elapsed time spent in this place.
 B = Non-inter-level travel time spent in this place.
 C = Inter-level travel time spent in this place.
 D = Time resting spent in this place.
 E = Time spent auto-exploring this place.
 F = Levels seen in this place.
 G = Mean time per level.
                   A        B        C        D        E       F      G
               +--------+--------+--------+--------+--------+-----+--------+
         Total |   2702 |   2686 |     16 |      0 |   2439 |   2 | 1351.0 |
       Dungeon |   2702 |   2686 |     16 |      0 |   2439 |   2 | 1351.0 |
               +--------+--------+--------+--------+--------+-----+--------+

Top non-repeatable levels by time:
     D:1: 1913 daAuts
     D:2: 788 daAuts
